[Event "11th Festival Palmanova-A 2022"]
[Site "Strassoldo"]
[Date "2022.12.10"]
[Round "4.8"]
[White "Zuttioni, Federico"]
[Black "Pozzari, Simone"]
[Result "1-0"]
[ECO "C83"]
[WhiteElo "2165"]
[BlackElo "2139"]
[Annotator "TA"]
[PlyCount "103"]
[EventDate "2022.12.08"]
[EventType "swiss"]
[EventCountry "ITA"]
[SourceTitle "playchess.com"]
[Source "ChessBase"]
[SourceQuality "1"]
[TimeControl "5400+30"]

1. e4 e5 2. Nf3 Nc6 3. Bb5 a6 4. Ba4 Nf6 5. O-O Nxe4 6. d4 b5 7. Bb3 d5 8. dxe5 Be6 9. Be3 Be7 10. c3 O-O 11. Nbd2 f5 (11... Bg4 $11 {remains equal.}) 12. Nd4 {[%emt 0:19:53] C83: Open Ruy Lopez: 9 c3 Be7.} (12. exf6 $16 Nxf6 13. Ng5) 12... Nxd4 $14 13. cxd4 {[%emt 0:01:55] [#]} a5 $146 ({Predecessor:} 13... Qd7 14. f4 Rfd8 15. Rc1 Rac8 16. Nf3 c6 17. Qe2 h6 18. Rc2 Rf8 19. Ne1 Qe8 {½-½ (60) Arjun,V (2283)-Kumar,N (2328) Charlotte 2020}) 14. f3 {[%emt 0:13:05] Prevents a4. White is slightly better.} Nxd2 15. Qxd2 Bb4 16. Qc1 Qd7 {[%emt 0:10:28] Prevents Qc6.} 17. a3 Be7 18. Bg5 (18. a4 $16) 18... Bxg5 $11 19. Qxg5 f4 (19... a4 $11 20. Ba2 Ra6) 20. Rac1 $16 Rf5 (20... a4 $14 {should be considered.} 21. Bc2 c6) 21. Qh4 {[%emt 0:00:29] aiming for Bc2. White has more active pieces.} Qf7 $2 {[%emt 0:00:16] [#]} (21... g6 $16 {keeps fighting.}) 22. Rc5 $18 Rh5 23. Qf2 Rh6 24. Rfc1 (24. Rxb5 $6 c6 25. Rc5 Qh5 $16) 24... Qh5 25. h4 (25. Rxc7 Qxh2+ 26. Kf1 a4 $16) (25. Bxd5 Bxd5 26. Rxd5 c6 $14) 25... Rd8 26. Rxc7 (26. Rxb5 $18 Qe8 27. Rbc5) 26... g5 $16 27. R1c6 {[%emt 0:07:17] [#] Black must now prevent Rd6.} g4 28. fxg4 Qxg4 29. Rd6 Rxd6 30. exd6 $40 {[%emt 0:00:08][%cal Ob3d5][%mdl 128] Bxd5! is the strong threat. White attacks with force.} f3 $2 (30... Kf8 $16 {is a better chance.}) 31. d7 (31. Qxf3 $2 {loses.} Qxh4 $19) 31... Bxd7 32. Bxd5+ ({Less strong is} 32. Qxf3 Qxd4+ 33. Qf2 (33. Kf1 $2 Rf6 $19) 33... Qxf2+ 34. Kxf2 Be6 $16) 32... Be6 33. Bxf3 Qxh4 34. Qxh4 Rxh4 $18 {[%emt 0:00:02][%mdl 4096] Endgame KRB-KRB} 35. d5 Bf5 36. Rc5 Bd7 37. Be2 Kf8 $2 (37... b4 38. Rxa5 Kf7) 38. Bxb5 {[%emt 0:00:20] White is clearly winning.} Bxb5 (38... Bf5 $142 39. Bc6 Ke7 40. Rxa5 Kd6) 39. Rxb5 {[%emt 0:00:04] KR-KR} a4 40. Rb4 Rh5 41. Rxa4 Rxd5 42. Rf4+ Ke7 43. b4 h5 44. Rf3 Rd4 45. Kf2 h4 46. Rb3 Rf4+ 47. Kg1 Kd6 48. b5 Kc7 49. Rb4 Rf5 50. a4 Rh5 51. Kh2 Kb6 52. Kh3 {[%emt 0:00:08] Weighted Error Value: White=0.16 (very precise) /Black=0.43} 1-0

[Event "11th Festival Palmanova-A 2022"]
[Site "Strassoldo"]
[Date "2022.12.10"]
[Round "4.9"]
[White "Hercegovac, Neven"]
[Black "Kalosha, Zhiulien Oleksii"]
[Result "0-1"]
[ECO "D45"]
[WhiteElo "2230"]
[BlackElo "2092"]
[Annotator "TA"]
[PlyCount "74"]
[EventDate "2022.12.08"]
[EventType "swiss"]
[EventCountry "ITA"]
[SourceTitle "playchess.com"]
[Source "ChessBase"]
[SourceQuality "1"]
[TimeControl "5400+30"]

1. d4 d5 2. c4 e6 3. Nf3 c6 4. e3 Nf6 5. Nc3 Nbd7 6. Be2 Bd6 7. O-O O-O 8. b3 Qe7 9. Bb2 dxc4 10. bxc4 e5 11. Qc2 Re8 12. Rae1 b6 {[%emt 0:29:50] D45: Semi-Slav: 5 e3.} 13. Ne4 Nxe4 14. Qxe4 {[%emt 0:00:03] [#]} Bb7 $146 {[%emt 0:01:49] The position is equal.} (14... Nf6 $5 15. Qxc6 Bd7 $11) ({Predecessor:} 14... Nf6 15. Qh4 e4 16. Ne5 Bxe5 17. dxe5 Ng4 18. Qxe7 Rxe7 19. Rd1 Bf5 20. Rd6 Nxe5 21. Rfd1 Nd3 {½-½ (21) Tal,M (2630)-Van der Wiel,J (2555) Wijk aan Zee 1988}) 15. Rd1 ({Not} 15. Bd3 $2 Nf6 16. Qh4 e4 $19) 15... Nf6 {[%emt 0:01:56] Prevents c5.} 16. Qh4 e4 17. Ne5 c5 18. f4 exf3 19. gxf3 cxd4 20. exd4 Nd7 21. Qxe7 Rxe7 22. Rfe1 {[%emt 0:06:27] White is now going downhill.} ({White should play} 22. f4 $15) 22... Nxe5 $17 23. dxe5 Bxe5 24. Bf1 {[%emt 0:01:35] [#]} Bd6 25. Rxe7 Bxe7 26. Rd7 Bc5+ (26... Bxf3 $2 27. Rxe7 Kf8 28. Ba3 $18) 27. Kg2 Bc6 28. Rc7 Ba4 29. Be5 {[%emt 0:00:38] Against Bd6} (29. Bd3 {was worth a try.}) 29... f6 $19 30. Bf4 g5 31. Bg3 Rd8 {[%emt 0:00:08] Inhibits Bd3.} 32. Rxa7 $2 {[%emt 0:01:27] [#]} (32. Be1) 32... Rd2+ {[%emt 0:00:07] Black is clearly winning.} 33. Kh3 Bd7+ ({Weaker is} 33... Rxa2 34. Bd3 $15) 34. Rxd7 Rxd7 35. Kg4 Kf7 {[%emt 0:00:22] ...Rd1 is the strong threat.} 36. Kf5 Rd1 {[%emt 0:01:06] Against f4} 37. Bh3 h5 {[%emt 0:00:33] Weighted Error Value: White=0.54/Black=0.25 (precise)} 0-1

[Event "11th Festival Palmanova-A 2022"]
[Site "Strassoldo"]
[Date "2022.12.10"]
[Round "4.10"]
[White "Negro, Roberto"]
[Black "Bardone, Lorenzo"]
[Result "1/2-1/2"]
[ECO "D05"]
[WhiteElo "2117"]
[BlackElo "2215"]
[Annotator "TA"]
[PlyCount "85"]
[EventDate "2022.12.08"]
[EventType "swiss"]
[EventCountry "ITA"]
[SourceTitle "playchess.com"]
[Source "ChessBase"]
[SourceQuality "1"]
[TimeControl "5400+30"]

1. Nf3 d5 2. d4 Nf6 3. e3 c5 4. c3 Nc6 5. Nbd2 cxd4 6. exd4 {[%emt 0:00:31] D05: Colle System with ...e6.} Bg4 7. Be2 e6 8. O-O Bd6 9. Re1 Qc7 10. Nf1 O-O 11. Ng3 Rab8 {[%emt 0:05:51] [#]} 12. Bd3 $146 ({Predecessor:} 12. a4 a6 13. Bd3 h6 14. h3 Bxg3 15. hxg4 Bf4 16. g5 Ng4 17. Bxf4 Qxf4 18. g3 {1-0 (38) Ratkovic,M (2359)-Radovanovic,M (2003) Belgrade 2014}) 12... e5 (12... Rbe8 $142) 13. dxe5 $1 $11 Nxe5 14. Be2 Rfe8 15. Nxe5 (15. Nd4 {feels hotter.} a6 16. Ndf5 Bc5 17. Be3) 15... Bxe2 16. Rxe2 {[%emt 0:00:27] [#] Strongly threatening Nf3.} Bxe5 17. Be3 b5 18. Bd4 Ne4 (18... Bxd4 $11 19. Rxe8+ Rxe8 20. Qxd4 a6) 19. Nf1 ({Better is} 19. Bxe5 $16 Rxe5 20. Qd4) 19... Bxd4 $14 20. Qxd4 Qc4 21. Qd1 (21. Rae1 {simplifies} Qxd4 22. cxd4 Kf8 23. Ne3) 21... Qc5 (21... d4 $5) 22. Ne3 Red8 23. Nc2 a5 24. a3 Rd6 25. Qd4 Qxd4 26. Nxd4 g6 27. Nc2 f5 28. Rae1 Rd7 29. Nd4 Kf8 30. f3 Nc5 31. Rd1 Rb6 32. b4 axb4 33. cxb4 Nb7 34. Rc1 Kf7 35. Nc6 {[%emt 0:03:02] White is much more active.} (35. Re3 $16) 35... Kf6 $1 $11 36. Ne5 Re7 37. Rce1 {[%emt 0:00:56][%cal Oe5g4] And now Ng4+! would win.} Rc7 (37... Rbe6 $5 38. Nd7+ Kf7 39. Ne5+ Kf6 40. Nd7+ Kf7 41. Ne5+ Kf6 $11) 38. Nd3 g5 {[%emt 0:01:38] [#] Prevents Nf4.} (38... Nd8 $11 {keeps the balance.}) 39. Re5 (39. h4 $1 $16) 39... Rc3 $14 40. Rxd5 {[%emt 0:00:17] Hoping for f4.} Rd6 {[%emt 0:01:49] Prevents f4.} 41. Rxd6+ (41. Rxb5 $16 {aiming for Nf2.} Rcxd3 42. Rxb7) 41... Nxd6 $11 42. Nc5 {[%emt 0:00:06] Black must now prevent Re6+.} Nc4 43. a4 {[%emt 0:14:37] Weighted Error Value: White=0.15 (very precise) /Black=0.18 (very precise)} 1/2-1/2

[Event "11th Festival Palmanova-A 2022"]
[Site "Strassoldo"]
[Date "2022.12.10"]
[Round "4.11"]
[White "Urbani, Gabriel"]
[Black "Vincenti, Leonardo"]
[Result "1-0"]
[ECO "B90"]
[WhiteElo "2110"]
[BlackElo "1910"]
[Annotator "TA"]
[PlyCount "115"]
[EventDate "2022.12.08"]
[EventType "swiss"]
[EventCountry "ITA"]
[SourceTitle "playchess.com"]
[Source "ChessBase"]
[SourceQuality "1"]
[TimeControl "5400+30"]

1. e4 c5 2. Nf3 d6 3. d4 cxd4 4. Nxd4 Nf6 5. Nc3 a6 6. Rg1 e5 7. Nb3 {[%emt 0:00:09] B90: Sicilian Najdorf: Unusual White 6th moves, 6 Be3 Ng4 and 6 Be3 e5.} h5 {[%emt 0:00:14] Inhibits g4.} 8. Bg5 Be7 9. Qd2 {[%emt 0:01:57] White has an edge.} Be6 10. O-O-O Nbd7 11. f3 b5 {[%emt 0:00:54] [#]} 12. Bxf6 $146 ({Predecessor:} 12. h4 Rc8 13. Kb1 Qb6 14. Be3 Qb7 15. Be2 Nb6 16. Bxb6 Qxb6 17. Nd5 Nxd5 18. exd5 {1-0 (47) Szabo,B (1993)-Shankar,G Budapest 2006}) 12... Nxf6 13. Kb1 Rc8 14. Nd5 (14. a3 {seems wilder.} O-O 15. g4 hxg4 16. fxg4 Bxg4 17. Qg5) 14... Nxd5 15. exd5 Bg5 16. Qf2 (16. Qb4 {keeps more tension.} Bf5 17. Bd3 Bxd3 18. cxd3 Qb6 19. h4) 16... Bf5 {[%emt 0:01:15] A strong pair of Bishops.} 17. Bd3 Bxd3 18. Rxd3 a5 (18... O-O $15) 19. Re1 (19. Qe1 $1 $11) 19... O-O $36 {[%emt 0:01:08][%mdl 2048] Black is on the roll.} 20. g3 f5 21. Qg2 ({White should try} 21. a3 $15) 21... a4 22. Nc1 Rc4 23. Rdd1 (23. a3 $142) 23... Qc7 (23... a3 $19 {aiming for ...axb2.} 24. b3 Qa5 $1) 24. Nd3 Rc8 25. Re2 (25. c3 $17) 25... b4 (25... a3 $1 $19 {[%cal Oe5e4] has better winning chances. Threatens to win with ...e4!} 26. b3 (26. h4 $2 Bf6 $19) 26... Rd4) 26. f4 {[%emt 0:05:21] Against e4} exf4 (26... Bf6 $1 $17 {White must now prevent ...e4.} 27. Nxe5 dxe5) 27. gxf4 $11 Bf6 28. Qg6 Re4 {[%emt 0:02:33] Inhibits Re8+.} (28... Rxc2 $2 29. Re8+ Rxe8 30. Qxe8+ Kh7 31. Qxh5+ Kg8 32. Re1 $18 (32. Qxf5 Rxh2 33. Rc1 Qe7 $11)) 29. Rg2 b3 30. cxb3 {[%emt 0:01:26] Really sharp!} axb3 31. axb3 (31. Qxf6 $2 {is the wrong capture.} Qc2+ $3 32. Rxc2 bxc2+ 33. Kc1 cxd1=Q+ 34. Kxd1 gxf6 $19) 31... Qe7 ({Black should play} 31... Rf8 $1 $11) 32. Qxf5 $14 {[%emt 0:02:19] White is more active.} Rc7 (32... Ra8 $14) 33. Qxh5 Re3 34. Qf5 Bd4 (34... Qe4 $16 35. Qxe4 (35. Qxf6 {leads to mate.} Qxd3+ 36. Rxd3 Re1+) 35... Rxe4) 35. Rc1 Rxc1+ 36. Nxc1 Qe4+ (36... Qf7 {is a better defense.} 37. Qxf7+ Kxf7) 37. Qxe4 $18 Rxe4 {[%emt 0:00:02][%mdl 4096] Endgame KRB-KRN} 38. Nd3 (38. Rc2 $18) 38... Bf6 $16 39. Kc2 Rd4 40. Rd2 (40. Re2 $142) 40... Rxd5 (40... Kf7 $142 41. Re2 Rxd5) 41. b4 Rb5 {[%emt 0:02:26] [#]} (41... Kf8 $16 {was necessary.} 42. Nc1 Rf5) 42. Kb3 $1 $18 Kf7 43. Kc4 Rb6 (43... Rh5 $142 44. b5 Rh8) 44. b5 Ke7 $2 (44... Ke6 {was called for.} 45. Nb4 Rb8) 45. Nb4 {[%emt 0:00:20] White wants to mate with Nd5+.} Kd7 46. Nd5 Rb8 47. Nxf6+ gxf6 {[%emt 0:00:01] KR-KR} 48. Rg2 Ke6 (48... Rh8 $142 49. Rg7+ Kd8) 49. h4 {[%emt 0:01:15][%cal Bh2h4,Bh4h5][%mdl 32] Strongly threatening h5.} Kf5 50. h5 Kxf4 51. h6 {[%emt 0:00:09] h7 would kill now.} Rh8 {[%emt 0:00:11] Against h7} 52. b6 {[%emt 0:00:39][%cal Bb5b6,Bb6b7][%mdl 32] White mates.} Rxh6 53. b7 Rh8 54. Kd5 Rb8 55. Rg7 ({Worse is} 55. Kxd6 Rxb7 56. Rf2+ Ke4 $11) 55... Ke3 56. Kxd6 f5 57. Kc7 Rxb7+ 58. Kxb7 {[%emt 0:00:06] White used his chance.   Weighted Error Value: White=0.16 (very precise) /Black=0.44} 1-0

[Event "11th Festival Palmanova-A 2022"]
[Site "Strassoldo"]
[Date "2022.12.10"]
[Round "4.12"]
[White "Savanovic, Aleksandar"]
[Black "Laco, Giuseppe"]
[Result "1-0"]
[ECO "B23"]
[WhiteElo "2365"]
[BlackElo "1913"]
[Annotator "TA"]
[PlyCount "49"]
[EventDate "2022.12.08"]
[EventType "swiss"]
[EventCountry "ITA"]
[SourceTitle "playchess.com"]
[Source "ChessBase"]
[SourceQuality "1"]
[TimeControl "5400+30"]

1. e4 c5 2. Nc3 e6 3. g3 Nc6 4. Bg2 a6 5. Nge2 Nd4 6. Nxd4 {[%emt 0:03:59] B23: Closed Sicilian: Lines without g3.} cxd4 7. Ne2 e5 8. d3 {[%emt 0:00:57] White is slightly better.} Ne7 9. c3 Nc6 10. cxd4 {[%emt 0:00:13] [#]} Bb4+ $146 ({Predecessor:} 10... exd4 11. O-O Bc5 12. a3 a5 13. Nf4 O-O 14. Nd5 d6 15. f4 f5 16. Bd2 a4 {1-0 (38) Draskovic,L (2503)-Makolli,P (2247) Chennai 2022}) 11. Bd2 Qa5 (11... Bxd2+ $16 12. Qxd2 exd4) 12. d5 $18 Nd4 13. Nxd4 exd4 14. a3 Bxd2+ 15. Qxd2 Qb6 16. Qb4 Qxb4+ 17. axb4 d6 18. Kd2 Bd7 19. Rhc1 Bb5 (19... h5 $142 20. Rc7 h4) 20. Rc7 Rb8 21. Rac1 {[%emt 0:00:25] Black must now prevent Bh3.} O-O (21... Bd7 {was necessary.} 22. f4 Kd8) 22. Bh3 Rfd8 23. Re7 Be8 24. Rcc7 {[%emt 0:01:05][%cal Oh3e6] Be6! is the strong threat.} b5 $2 {[%emt 0:01:01] [#]} (24... Kf8 25. Kc2 Ba4+ 26. Kb1 Be8) 25. Be6 $1 {[%emt 0:01:08][%mdl 512] White took control after the opening.   Weighted Error Value: White=0.10 (very precise) /Black=0.43} 1-0

[Event "11th Festival Palmanova-A 2022"]
[Site "Strassoldo"]
[Date "2022.12.10"]
[Round "5.1"]
[White "Loiacono, Leonardo"]
[Black "Damia, Angelo"]
[Result "1/2-1/2"]
[WhiteElo "2271"]
[BlackElo "2192"]
[Annotator "TA"]
[PlyCount "43"]
[EventDate "2022.12.08"]
[EventType "swiss"]
[EventCountry "ITA"]
[SourceTitle "playchess.com"]
[Source "ChessBase"]
[SourceQuality "1"]
[TimeControl "5400+30"]

1. d4 d5 2. c4 e6 3. Nc3 Nf6 4. Nf3 c6 5. e3 Bd6 6. Qc2 Nbd7 7. b3 O-O {[%emt 0:02:32] [#] An uneventful encounter.  D45: Semi-Slav: 5 e3.} {Predecessor:} 8. Be2 $146 b6 9. O-O Bb7 10. Bb2 Qe7 11. Rad1 Rad8 12. Rfe1 Rfe8 13. Bf1 Nf8 14. g3 Bb4 15. a3 Bxc3 16. Qxc3 dxc4 17. Qxc4 c5 18. Ne5 cxd4 19. Bxd4 Rc8 20. Qa4 Ng6 21. Qxa7 Nxe5 22. Bxe5 {½-½ (61) Xiong,J (2691)-Shankland,S (2720) chess24.com INT 2022} 1/2-1/2

[Event "11th Festival Palmanova-A 2022"]
[Site "Strassoldo"]
[Date "2022.12.10"]
[Round "5.2"]
[White "Lekic, Dusan"]
[Black "Casadio, Niccolo`"]
[Result "1/2-1/2"]
[ECO "C11"]
[WhiteElo "2329"]
[BlackElo "2095"]
[Annotator "TA"]
[PlyCount "76"]
[EventDate "2022.12.08"]
[EventType "swiss"]
[EventCountry "ITA"]
[SourceTitle "playchess.com"]
[Source "ChessBase"]
[SourceQuality "1"]
[TimeControl "5400+30"]

1. d4 e6 2. e4 d5 3. Nc3 Nf6 4. e5 Nfd7 5. f4 c5 6. Nf3 Nc6 7. Be3 Qb6 8. Na4 Qa5+ 9. c3 b6 10. Bd2 c4 11. b4 Nxb4 {[%emt 0:00:12] C11: French: Classical System: 4 e5 and 4 Bg5 dxe4.} 12. cxb4 Bxb4 13. Qc2 {[%emt 0:03:07] Threatens to win with Nc3.} Bxd2+ {[%emt 0:00:10] White is slightly better.} 14. Nxd2 b5 15. Nc3 b4 {[%emt 0:00:05] 15...0-0 is not played anymore.} 16. Qa4 Qb6 17. Nb5 O-O {[%emt 0:00:29][%mdl 1024] Black has compensation.} 18. Nf3 $1 (18. Qxb4 $2 a6 19. Be2 axb5 $19) 18... Nb8 {[%emt 0:01:02] aiming for ...Bd7.} 19. Nd6 $1 (19. Qxb4 $2 a6 20. Qa3 (20. Bxc4 $2 dxc4 21. Qa3 Qxb5 $19) 20... Qxb5 $19) 19... Nc6 20. Rd1 {[%emt 0:09:37] [#]} (20. Qd1 $11) 20... Bd7 (20... a5 $1 $17) 21. Qc2 $11 a5 {[%emt 0:00:43] [#]} (21... f6 $11) 22. h4 $146 (22. Ng5 $14 g6 {[#]} 23. Bxc4 $1) ({Predecessor:} 22. Be2 b3 23. Qc3 bxa2 24. Ra1 Rfb8 25. Kf2 Qb2 26. Rhc1 a4 27. Qc2 a3 28. Rxa2 Qxc2 29. Raxc2 {0-1 (38) Dobrovoljc,V (2344)-Gavrilescu,D (2451) Bad Blankenburg 2018}) 22... b3 $17 23. axb3 cxb3 24. Qb1 f5 {[%emt 0:04:26] Strongly threatening ...a4.} 25. exf6 $2 (25. g4 $17) 25... Qb4+ $19 26. Kf2 (26. Rd2 Rxf6 27. Nb5 a4) 26... Qxd6 27. fxg7 Rf7 (27... Kxg7 $2 {too greedy.} 28. g3 $19) (27... Rxf4 $142 28. Qxb3 Rg4) 28. Qxb3 Qxf4 29. Qe3 Qxe3+ ({Worse is} 29... Kxg7 30. Qxf4 Rxf4 31. Bb5 $17) 30. Kxe3 Rxg7 31. Bb5 Rb8 ({And not} 31... Rxg2 32. Rc1 $17) ({Black should try} 31... a4 $17 {Hoping for ...Nb4.} 32. Bxc6 Bxc6) 32. Rb1 $15 {[%emt 0:00:50] Black must now prevent Bxc6.} Nb4 33. Bxd7 Rxd7 34. Rhc1 Rg7 (34... Nc2+ $5 35. Kd2 Rxb1 36. Rxb1 Na3 37. Rb8+ Kg7 $17) 35. Rb2 (35. Ne5 $1 $11) 35... Ra7 (35... Rg4 $17) 36. Ra1 Rbb7 37. Ne5 Rc7 {[%emt 0:00:24] And now ...Nc2+ would win.} 38. Ra4 Kg7 {[%emt 0:00:31] And White is the lucky defender.   Weighted Error Value: White=0.29 (precise) /Black=0.30} 1/2-1/2

[Event "11th Festival Palmanova-A 2022"]
[Site "Strassoldo"]
[Date "2022.12.10"]
[Round "5.3"]
[White "Neuschmied, Siegfried"]
[Black "Zuttioni, Federico"]
[Result "0-1"]
[ECO "B30"]
[WhiteElo "2244"]
[BlackElo "2165"]
[Annotator "TA"]
[PlyCount "118"]
[EventDate "2022.12.08"]
[EventType "swiss"]
[EventCountry "ITA"]
[SourceTitle "playchess.com"]
[Source "ChessBase"]
[SourceQuality "1"]
[TimeControl "5400+30"]

1. e4 c5 2. Nf3 Nc6 3. Bb5 Nf6 4. Bxc6 dxc6 5. d3 g6 6. Be3 {[%emt 0:05:59] B30: Sicilian: 2...Nc6 3 Bb5, lines without ...g6.} c4 7. h3 (7. dxc4 Qxd1+ 8. Kxd1 Nxe4 $15) 7... cxd3 8. cxd3 {[%emt 0:00:05] White is slightly better.} Bg7 9. Nc3 O-O 10. d4 {[%emt 0:01:05] [#]} b5 $146 ({Predecessor:} 10... Qa5 11. O-O h6 12. a3 Be6 13. b4 Qh5 14. Ne5 Qh4 15. Nf3 Qh5 16. Ne5 Qxd1 17. Rfxd1 {½-½ (35) Ehret,T (2058)-Vatter,H (2236) Germany 2016}) 11. a3 a5 12. O-O Be6 13. Qc2 Rc8 14. Rfe1 (14. a4 {looks sharper.} Nh5 15. Ng5 Bc4 16. Rfd1) 14... h6 (14... a4 $11) 15. Rad1 Kh7 16. Ne2 (16. a4 {with more complications.} Qd7 17. Ne5 Qc7 18. f3) 16... a4 17. Rc1 Nd7 18. Nf4 Bb3 19. Qd3 e5 20. Ne2 Nb6 (20... Bc4 $5 21. Rxc4 bxc4 22. Qxc4 Qb6 $15) 21. Qc3 exd4 (21... Re8 $5 ) 22. Bxd4 Bxd4 23. Nexd4 {[%emt 0:00:11] Pair of Knights!} (23. Qxd4 Re8 $11) 23... Bc4 24. Rcd1 {[%emt 0:03:04][%cal Od4f5] aiming for Nf5!} Qc7 25. Nh2 c5 26. Ndf3 {[%emt 0:00:27] Black must now prevent Ng4.} Be6 27. h4 Qe7 28. Rd2 (28. Nf1 $11) 28... Nc4 $15 {[%emt 0:00:59] And now ...b4 would win.} 29. Rde2 Rfd8 30. Qc1 ({White should play} 30. e5 $15) 30... b4 {[%emt 0:01:24] Black is more active.} (30... Rd3 $1 $17 {Threatening ...Rcd8.} 31. Nf1 Rxf3 $1 32. gxf3 Qxh4) 31. Rc2 Nb6 32. Qf4 (32. Nf1 $15) 32... Kg7 33. Ng4 Bxg4 34. Qxg4 bxa3 (34... b3 $5 35. Rc3 c4 $11) 35. bxa3 Rd3 36. h5 Rc6 (36... Qe6 $11 37. Qxe6 fxe6) 37. Qf4 (37. hxg6 $14 Rxg6 38. Qf4) 37... Rxa3 (37... g5 $11 38. Qe5+ Qf6 39. Rxc5 Rxc5 40. Qxc5 Nd7) 38. hxg6 $16 fxg6 (38... Rxg6 $2 39. Nh4 Rg5 40. Qc1 $18 (40. Nf5+ Rxf5 41. Qxf5 c4 $16)) 39. Ne5 Rf6 (39... Rc8 $1 $14) 40. Qc1 $1 $18 {[%emt 0:00:11][%csl LRa3,LRc5] Hoping for Ng4.} Qxe5 41. Qxa3 c4 42. Qb4 h5 43. Qc3 {[%emt 0:03:57] Prevents h4.} Qxc3 44. Rxc3 {[%emt 0:00:01][%mdl 4096] Endgame KRR-KRN} Kf7 45. Rb1 Ke7 46. Kf1 Kd7 47. Rb5 Kc6 48. Ra5 Re6 49. f3 Rd6 50. Ke2 {[%emt 0:00:02] Inhibits Rd1.} Rd8 51. Rg5 Rd4 52. Ke3 ({Resist} 52. Rxg6+ Kb5 53. Rc1 Rd3 $18) (52. Rc1 $142) 52... Rd6 53. Ra5 Rd1 54. Kf4 Rb1 (54... Rd2 $142) 55. Rc2 (55. Kg5 $18) 55... Rb5 $16 56. Rxb5 Kxb5 57. e5 (57. Rb2+ $16 Kc5 58. Ke3) 57... c3 $11 {[%emt 0:00:56] ...Kc4 is the strong threat.} 58. e6 (58. Rxc3 $2 {perishes.} Nd5+ 59. Ke4 Nxc3+ $19) 58... Kc4 59. Ke5 {[%emt 0:03:22] [#]} (59. Ke4 $11 {remains equal.}) 59... Nc8 $1 {[%emt 0:00:27] Weighted Error Value: White=0.26 (precise) /Black=0.25 (precise)} 0-1

[Event "11th Festival Palmanova-A 2022"]
[Site "Strassoldo"]
[Date "2022.12.10"]
[Round "5.4"]
[White "Kalosha, Zhiulien Oleksii"]
[Black "Savanovic, Maksim"]
[Result "1/2-1/2"]
[ECO "B90"]
[WhiteElo "2092"]
[BlackElo "2154"]
[Annotator "TA"]
[PlyCount "37"]
[EventDate "2022.12.08"]
[EventType "swiss"]
[EventCountry "ITA"]
[SourceTitle "playchess.com"]
[Source "ChessBase"]
[SourceQuality "1"]
[TimeControl "5400+30"]

1. e4 c5 2. Nf3 d6 3. d4 cxd4 4. Nxd4 Nf6 5. Nc3 a6 6. f3 e5 7. Nb3 Be7 8. Be3 h5 9. Qd2 Be6 10. O-O-O Nbd7 11. Kb1 b5 {[%emt 0:00:49] [#] An uneventful encounter.  11...Rc8 is the modern continuation. B90: Sicilian Najdorf: Unusual White 6th moves, 6 Be3 Ng4 and 6 Be3 e5.} {Predecessor:} 12. Nd5 $146 Bxd5 13. exd5 Nb6 14. Bxb6 Qxb6 15. Na5 Rc8 16. Nc6 Nxd5 17. Nxe7 Nxe7 18. Qxd6 Qxd6 19. Rxd6 {½-½ (51) Caruana,F (2783)-Duda,J (2750) Madrid 2022} 1/2-1/2